 Dungeon Crawl Stone Soup version 0.30-a0-629-gd54f4be4f7 (webtiles) character file.

Game seed: 12790148932337357555

2058 voltaire321 the Charlatan (level 9, 0/68 HPs)
             Began as a Demonspawn Artificer on Jan 12, 2023.
             Was a Believer of Makhleb.
             Slain by a gnoll sergeant
             ... wielding a +2 heavy spear
              (16 damage)
             ... on level 6 of the Dungeon.
             The game lasted 00:22:04 (6259 turns).

voltaire321 the Charlatan (Demonspawn Artificer)    Turns: 6259, Time: 00:22:05

Health: 0/68       AC: 11    Str: 16    XL:     9   Next: 5%
Magic:  12/12      EV:  8    Int: 13    God:    Makhleb [**....]
Gold:   377        SH:  5    Dex: 14    Spells: 8/8 levels left

rFire   . . .      SeeInvis .    i - +1 long sword
rCold   . . .      Faith    .    o - +0 buckler
rNeg    + . .      Spirit   .    y - +0 chain mail {rN+}
rPois   .          Reflect  .    m - +0 helmet
rElec   .          Harm     .    (no cloak)
rCorr   .          Rampage  .    (no gloves)
Will    .....                    (no boots) Stlth
                                 (no amulet)
HPRegen 1.31/turn                (no ring)
MPRegen 0.13/turn                (no ring)

@: no status effects
A: powered by death 3, weakness stinger 2
a: Renounce Religion, Minor Destruction


You were on level 6 of the Dungeon.
You worshipped Makhleb.
Makhleb was pleased with you.
You visited 2 branches of the dungeon, and saw 7 of its levels.

You collected 413 gold pieces.
You spent 36 gold pieces at shops.

Inventory:

Hand Weapons
 c - a +0 scimitar
 i - a +1 long sword (weapon)
Missiles
 u - 5 curare-tipped darts (quivered)
Armour
 m - a +0 helmet (worn)
 o - a +0 buckler (worn)
 y - a +0 chain mail of positive energy (worn)
Jewellery
 b - a ring of magical power
 w - an amulet of guardian spirit
Wands
 d - a wand of charming (13)
 e - a wand of iceblast (8)
Scrolls
 a - a scroll of vulnerability {unknown}
 f - 2 scrolls of identify
 h - a scroll of immolation {unknown}
 k - 4 scrolls of enchant weapon
 p - a scroll of torment {unknown}
 r - 3 scrolls of blinking {unknown}
 s - 3 scrolls of teleportation {unknown}
 z - a scroll of magic mapping {unknown}
Potions
 g - 2 potions of brilliance {unknown}
 j - 2 potions of ambrosia {unknown}
 l - 4 potions of lignification
 n - a potion of magic
 q - a potion of mutation {unknown}
 v - 3 potions of curing
 x - a potion of resistance


   Skills:
 + Level 5.1 Fighting
 + Level 4.9 Armour
 + Level 4.6 Dodging
 - Level 2.0 Stealth
 + Level 3.8 Shields
 + Level 4.2 Invocations
 + Level 5.9 Evocations


You had 8 spell levels left.
You didn't know any spells.
Your spell library contained the following spells:

 Spells                   Type           Power      Damage    Failure   Level
 Sandblast                Erth           0%         2d4       99%         1
 Blink                    Tloc           0%         N/A       100%        2
 Passwall                 Tmut/Erth      0%         N/A       100%        2
 Stone Arrow              Conj/Erth      0%         3d7       100%        3
 Manifold Assault         Tloc           0%         N/A       100%        4
 Freezing Cloud           Conj/Ice/Air   0%         6-21      100%        5
 Simulacrum               Ice/Necr       0%         N/A       100%        6
 Storm Form               Tmut/Air       0%         N/A       100%        7
 Polar Vortex             Ice            0%         N/A       100%        9


Dungeon Overview and Level Annotations

Branches:
Dungeon (6/15)             Temple (1/1) D:5

Altars:
Dithmenos
Fedhas
Gozag
Hepliaklqana
Kikubaaqudgha
Makhleb
Qazlal
Ru
Sif Muna
Uskayaw
Vehumet
Wu Jian
Xom
Yredelemnul

Shops:
D:3 :   D:4 !


Innate Abilities, Weirdness & Mutations

You regenerate a lot of health from kills.
You have a tail ending in a sharp stinger.


Message History

The gnoll sergeant hits you from afar with a +2 heavy spear.
You hit the hobgoblin.
The hobgoblin is severely wounded.
The hobgoblin hits you.
The gnoll sergeant hits you from afar with a +2 heavy spear.
The hobgoblin barely misses you.
You hit the hobgoblin.
You kill the hobgoblin!
Makhleb accepts your kill.
The gnoll sergeant completely misses you.
You barely miss the kobold. The kobold hits you but does no damage.
The gnoll sergeant hits you from afar with a +2 heavy spear.
The kobold barely misses you.
You closely miss the kobold.
Your tail-slap misses the kobold.
The gnoll sergeant hits you from afar with a +2 heavy spear!
The kobold hits you but does no damage.
You barely miss the kobold. You block the kobold's attack.
The gnoll sergeant hits you but does no damage.
The kobold hits you but does no damage.
You closely miss the kobold. The kobold barely misses you.
The gnoll sergeant hits you from afar with a +2 heavy spear!
You closely miss the kobold. The kobold barely misses you.
The gnoll sergeant hits you from afar with a +2 heavy spear.
* * * LOW HITPOINT WARNING * * *
You block the kobold's attack.
You slash the kobold!
You kill the kobold!
Makhleb accepts your kill.
You can now harness Makhleb's destructive might.
The gnoll sergeant hits you from afar with a +2 heavy spear!
* * * LOW HITPOINT WARNING * * *
The gnoll sergeant hits you with a +2 heavy spear.
* * * LOW HITPOINT WARNING * * *
There is an open door, spattered with blood here.
Items here: ( )))) †††.
You hit the gnoll sergeant but do no damage.
You slash the gnoll sergeant!
The gnoll sergeant is moderately wounded.
The gnoll sergeant hits you with a +2 heavy spear!
You die...

#..#....#.......####
#.)#....#♣.♣....#...
#..#..$ ♣♣.P.#.#...
#.†#... ♣.♣..#.#...
#.)#$. #♣.....)....
#.$######......##)#.
#.)#....'.........#.
#.g#.)>.).)...†.....
#..@.)..÷.........#.
#''######♣.....#..#.
#..: #...P...#####.
#.... #♣..♣......)..
#..... ♣...P.....###
#######♣.♣.......#
#...♣♣♣P.P.......##
#..PPP.♣..........#
#..♣P♣P.....#.....#


You could see a gnoll sergeant.

Vanquished Creatures
  Sigmund (D:2)
  A water moccasin (D:6)
  2 orc warriors (D:6)
  An ogre (D:6)
  A black bear (D:5)
  2 centaurs (D:6)
  A phantom (D:6)
  2 bullfrogs
  2 scorpions
  A vampire bat (D:4)
  2 jellies
  2 gnoll boudas
  An orc priest (D:6)
  3 hounds
  Jessica (D:2)
  Natasha (thrice) (D:2)
  3 orc wizards
  5 iguanas
  Robin (D:2)
  14 gnolls
  6 adders
  A shadow imp (D:6)
  A white imp (D:5)
  An ufetubus (D:5)
  A worm (D:4)
  4 dart slugs
  14 orcs
  6 bats
  3 bat skeletons (D:4)
  4 bat zombies (D:4)
  5 endoplasms
  5 giant cockroaches
  10 goblins
  16 hobgoblins
  5 jackals
  4 quokkas
  8 ball pythons
  3 frilled lizards
  16 kobolds
  7 rats
169 creatures vanquished.

Vanquished Creatures (collateral kills)
  A gnoll (D:6)
1 creature vanquished.

Vanquished Creatures (others)
  2 orcs (D:6)
  37 plants (D:6)
  A withered plant (D:6)
40 creatures vanquished.

Grand Total: 210 creatures vanquished

Notes
Turn   | Place    | Note
-------+----------+-------------------------------------------
     0 | D:1      | voltaire321 the Demonspawn Artificer began the quest for
                  | the Orb.
     0 | D:1      | Reached XP level 1. HP: 15/15 MP: 1/1
    60 | D:1      | Reached skill level 1 in Dodging
    60 | D:1      | Reached skill level 1 in Stealth
    99 | D:1      | Gained mutation: You have a small tail. [demonic ancestry]
    99 | D:1      | Reached XP level 2. HP: 21/21 MP: 2/2
   360 | D:1      | Found a faded altar of an unknown god.
   536 | D:1      | Reached XP level 3. HP: 25/26 MP: 3/3
   864 | D:2      | Noticed Natasha
   887 | D:2      | Killed Natasha
  1073 | D:2      | Reached XP level 4. HP: 30/33 MP: 4/4
  1257 | D:2      | Noticed Robin
  1285 | D:2      | Killed Robin
  1462 | D:2      | Noticed a scorpion
  1468 | D:2      | Killed a scorpion
  1469 | D:2      | Gained mutation: You have a tail ending in a sharp stinger.
                  | [demonic ancestry]
  1469 | D:2      | Reached XP level 5. HP: 35/39 MP: 5/5
  1582 | D:2      | Noticed Sigmund
  1587 | D:2      | Killed Sigmund
  1588 | D:2      | Reached skill level 1 in Shields
  1588 | D:2      | Gained mutation: You regenerate a little health from kills.
                  | [demonic ancestry]
  1588 | D:2      | Reached XP level 6. HP: 46/46 MP: 6/6
  1614 | D:2      | Noticed Natasha
  1623 | D:2      | Killed Natasha
  2111 | D:3      | Noticed Jessica
  2141 | D:2      | Killed Jessica
  2156 | D:2      | Noticed Natasha
  2167 | D:2      | Killed Natasha
  2529 | D:3      | Found Faugumiw's Book Shop.
  2551 | D:3      | Reached XP level 7. HP: 40/52 MP: 7/7
  3038 | D:4      | Found Hovvea's Distillery.
  3073 | D:4      | Bought a potion of curing for 36 gold pieces
  3208 | D:4      | Found an ancient bone altar of Kikubaaqudgha.
  3428 | D:4      | Found a radiant altar of Vehumet.
  3748 | D:5      | Entered Level 5 of the Dungeon
  3944 | D:5      | Found a staircase to the Ecumenical Temple.
  3963 | Temple   | Entered the Ecumenical Temple
  4014 | Temple   | Became a worshipper of Makhleb the Destroyer
  4377 | D:5      | Reached skill level 1 in Invocations
  4469 | D:5      | Reached skill level 5 in Evocations
  4540 | D:5      | Gained mutation: You regenerate health from kills. [demonic
                  | ancestry]
  4540 | D:5      | Reached XP level 8. HP: 60/60 MP: 9/9
  5627 | D:6      | Reached * piety under Makhleb
  5742 | D:6      | Found a basalt altar of Yredelemnul.
  5749 | D:6      | Found a blossoming altar of Fedhas.
  6234 | D:6      | Reached skill level 5 in Fighting
  6245 | D:6      | Gained mutation: You regenerate a lot of health from kills.
                  | [demonic ancestry]
  6245 | D:6      | Reached XP level 9. HP: 63/68 MP: 12/12
  6256 | D:6      | Reached ** piety under Makhleb
  6259 | D:6      | Slain by a gnoll sergeant

Illustrated notes

Levels and vault maps discovered:
D:1:      psy_arrival_dodecagon, layout_loops_ring, basic_ecumenical_altar,
          minmay_small_reverse_x
D:2:      layout_basic, uniq_natasha, uniq_robin, uniq_sigmund
D:3:      layout_rooms, serial_shops, shop_statue, st_stairs_12, uniq_jessica
D:4:      layout_loops_ring, kennysheep_vampire_church, vehumet_crystals,
          serial_shops, nicolae_stop_n_shop_1
D:5:      layout_gridville, minmay_temple_entry_overgrown,
          amcnicky_mini_corridor_feature, hangedman_decor_points
D:6:      kennysheep_housing_project, layout_basic, fedhas_altar_2,
          yredelemnul_altar_generic, lemuel_flamethrower_2
Temple:   zaba_magenta_temple

Skill      XL: |  1  2  3  4  5  6  7  8 |
---------------+-------------------------+-----
Dodging        | 1 2 3 4 |  4.6
Stealth        | 1 2 |  2.0
Armour         | 2 3 4 |  4.9
Fighting       | 2 3 4 5 |  5.1
Shields        | 1 2 3 |  3.8
Evocations     | 4 5 |  5.9
Invocations    | 1 4 |  4.2

Action                   |  1- 3 |  4- 6 |  7- 9 || total
-------------------------+-------+-------+-------++-------
Melee: Hand axe          |    24 |       |       ||    24
       Punch             |     2 |     1 |       ||     3
       Long sword        |   112 |    97 |   315 ||   524
       Tailslap          |     5 |     8 |    40 ||    53
Throw: Dart              |       |     6 |     7 ||    13
Evoke: Wand              |       |     6 |    17 ||    23
  Use: Scroll            |       |       |     6 ||     6
       Potion            |       |       |     2 ||     2
 Stab: Sleeping          |     1 |     1 |       ||     2
       Distracted        |       |       |     2 ||     2
Armor: Ring mail         |    85 |    70 |    13 ||   168
       Chain mail        |       |       |   211 ||   211
Dodge: Dodged            |   122 |    80 |   158 ||   360
Block: Buckler           |       |    25 |    96 ||   121

Table legend: (Time is in decaauts)
 A = Elapsed time spent in this place.
 B = Non-inter-level travel time spent in this place.
 C = Inter-level travel time spent in this place.
 D = Time resting spent in this place.
 E = Time spent auto-exploring this place.
 F = Levels seen in this place.
 G = Mean time per level.
                   A        B        C        D        E       F      G
               +--------+--------+--------+--------+--------+-----+--------+
         Total |   6491 |   6173 |    318 |    620 |   3704 |   7 |  927.3 |
       Dungeon |   6424 |   6116 |    308 |    620 |   3663 |   6 | 1070.7 |
        Temple |     66 |     56 |     10 |      0 |     41 |   1 |   66.0 |
               +--------+--------+--------+--------+--------+-----+--------+

Top non-repeatable levels by time:
     D:2: 1628 daAuts
     D:6: 1232 daAuts
     D:5: 1142 daAuts
     D:4: 1001 daAuts
     D:1: 811 daAuts
     D:3: 608 daAuts
  Temple: 66 daAuts
